 Dungeon Crawl Stone Soup version 0.27-b1-42-g19c61b19a5 (webtiles) character file.

Game seed: 17701334499209598818

30 Sin92 the Skirmisher (level 3, -2/29 HPs)
             Began as a Demonspawn Fighter on July 29, 2021.
             Succumbed to an adder's poison
             ... on level 2 of the Dungeon.
             The game lasted 00:01:19 (1370 turns).

Sin92 the Skirmisher (Demonspawn Fighter)           Turns: 1370, Time: 00:01:20

Health: -2/29      AC:  9    Str: 16    XL:     3   Next: 3%
Magic:  3/3        EV:  7    Int:  9    God:
Gold:   47         SH:  8    Dex: 13    Spells: 2/2 levels left

rFire    . . .     SeeInvis .   a - +0 war axe
rCold    . . .     Faith    .   c - +0 kite shield
rNeg     . . .     Spirit   .   b - +0 scale mail
rPois    .         Reflect  .   (no helmet)
rElec    .         Harm     .   f - +0 cloak
rCorr    .         Rampage  .   g - +0 pair of gloves
Will     .....                  (no boots)
Stlth    ..........             (no amulet)
HPRegen  0.09/turn              (no ring)
MPRegen  0.08/turn              (no ring)

@: lethally poisoned (-2 -> -9)
A: hooves 1
a: no special abilities


You were on level 2 of the Dungeon.
You visited 1 branch of the dungeon, and saw 2 of its levels.

You collected 47 gold pieces.

Inventory:

Hand Weapons
 a - a +0 war axe (weapon)
Armour
 b - a +0 scale mail (worn)
 c - a +0 kite shield (worn)
 f - a +0 cloak (worn)
 g - a +0 pair of gloves (worn)
Jewellery
 i - a +4 ring of protection
Scrolls
 e - a scroll of teleportation {unknown}
 k - a scroll of amnesia {unknown}
 l - a scroll of brand weapon {unknown}
 m - a scroll of identify {unknown}
Potions
 d - a potion of might
 h - 2 potions of lignification {unknown}
 j - 2 potions of attraction {unknown}


   Skills:
 + Level 3.2 Fighting
 * Level 2.3 Axes
 + Level 2.9 Armour
 + Level 0.7 Dodging
 + Level 2.9 Shields


You had 2 spell levels left.
You didn't know any spells.
Your spell library contained the following spells:

 Spells                   Type           Power      Damage    Failure   Level
 Static Discharge         Conj/Air       0%         N/A       100%        2
 Dispel Undead            Necr           0%         3d6       100%        4
 Sticky Flame             Conj/Fire      0%         2d3       100%        4


Dungeon Overview and Level Annotations

Branches:
Dungeon (2/15)

Altars:


Innate Abilities, Weirdness & Mutations

You have large cloven feet.


Message History

An adder is nearby!
You hit the adder.
The adder is moderately wounded.
The adder closely misses you. The adder bites you.
Unknown command.
You closely miss the adder.
The adder is moderately wounded.
You block the adder's attack. x2
Unknown command.
You closely miss the adder. You kick the adder, but do no damage.
The adder is moderately wounded.
The adder bites you but does no damage. You block the adder's attack.
Unknown command.
You hit the adder but do no damage. Your kick misses the adder.
The adder is moderately wounded.
The adder bites you but does no damage. You block the adder's attack.
Unknown command.
You hit the adder. Your kick misses the adder.
The adder is heavily wounded.
The adder bites you. x2
You are poisoned.
The adder poisons you!
Unknown command.
You hit the adder.
The adder is severely wounded.
You feel sick. The adder bites you but does no damage. The adder bites you.
* * * LOW HITPOINT WARNING * * *
Unknown command.
You barely miss the adder.
The adder is severely wounded.
You feel sick.
You are no longer poisoned.
The adder bites you.
* * * LOW HITPOINT WARNING * * *
You are lethally poisoned!
The adder poisons you! The adder completely misses you.
You block the adder's attack.
You closely miss the adder. Your kick misses the adder.
The adder is severely wounded.
You die...

##)# ......###.##.######
##.## #........†.#
##...########..#######.#
#..............# #.###
#....####.##...# #....
#.#(## ##.##.#.# #..##
#.#.# #.......# #..#
#.#.####..##...# #..#
#.#.##...@##...#######..#
#.#.##.#S###.#..........#
#.#.##.#.# #.#####.#.##.#
#.#.##.#.###.# #.#.##.##
#............#####.#.##.#.
###.............##.#.##...
####.#.######......#(##.
#.#.# #......#...... #.#.#
#.######......


You could see an adder.

Vanquished Creatures
  3 bats
  3 endoplasms
  2 giant cockroaches
  3 goblins
  3 hobgoblins
  2 quokkas
  4 frilled lizards
  5 kobolds
  4 rats (D:1)
29 creatures vanquished.

Vanquished Creatures (others)
  6 fungi (D:2)
  6 plants (D:2)
12 creatures vanquished.

Grand Total: 41 creatures vanquished

Notes
Turn   | Place    | Note
-------+----------+-------------------------------------------
     0 | D:1      | Sin92 the Demonspawn Fighter began the quest for the Orb.
     0 | D:1      | Reached XP level 1. HP: 18/18 MP: 1/1
   275 | D:1      | Gained mutation: You have large cloven feet. [demonic
                  | ancestry]
   275 | D:1      | Reached XP level 2. HP: 20/24 MP: 2/2
  1252 | D:2      | Found a faded altar of an unknown god.
  1295 | D:2      | Reached XP level 3. HP: 29/29 MP: 3/3
  1369 | D:2      | HP: 1/29 [adder (2)]
  1370 | D:2      | Succumbed to an adder's poison

Illustrated notes

Levels and vault maps discovered:
D:1:      dpeg_arrival_windows_large_door, layout_basic,
          minmay_misc_feat_enclosed, minmay_pentomino_v2
D:2:      layout_loops_ring, basic_altar, dreamdust_ecumenical_altar_grove,
          grunt_ministairs_6, kennysheep_generic_room_6

Skill      XL: |  1 |
---------------+----+-----
Axes           | 2 |  2.3
Fighting       | |  3.2
Armour         | |  2.9
Dodging        | |  0.7
Shields        | |  2.9

Action                   || total
-------------------------++-------
Melee: War axe           ||    93
       Kick              ||    15
Armor: Scale mail        ||    45
Dodge: Dodged            ||    30
Block: Kite shield       ||    66
